 Dungeon Crawl Stone Soup version 0.30.1-4-g462c640d31 (webtiles) character file.

Game seed: 6363318177865864930

1754 Arctor the Ruffian (level 8, -7/67 (69) HPs)
             Began as a Red Draconian Transmuter on Sept 12, 2023.
             Mangled by a wight
             ... wielding a +0 long sword
              (16 damage)
             ... on level 6 of the Dungeon.
             The game lasted 00:08:21 (5857 turns).

Arctor the Ruffian (Red Draconian Transmuter)       Turns: 5857, Time: 00:08:22

HP:   -7/67 (69)    AC:  2    Str: 13    XL:     8   Next: 78%
MP:   4/15          EV: 22    Int: 15    God:
Gold: 237           SH:  0    Dex: 17    Spells: 8/16 levels left

rFire   . .          .
                       - Unarmed
rCold   . . .        (shield currently unavailable)
rNeg    . . .        (body armour unavailable)
rPois   x            (helmet currently unavailable)
rElec   .            (cloak currently unavailable)
rCorr   .            (gloves currently unavailable)
SInv    .            (boots currently unavailable)
Will    .....        (no amulet)
Stlth   ++           (no ring)
HPRegen 0.31/turn    (no ring)
MPRegen 0.14/turn

%: no passive effects
@: spider-form, lightly drained
A: venomous fangs, (breathe fire), AC +6, tiny, unfitting armour, (fire
resistance 1), (cold-blooded)
a: End Transformation


You were on level 6 of the Dungeon.
You were a venomous arachnid creature.
You visited 1 branch of the dungeon, and saw 6 of its levels.

You collected 237 gold pieces.

Inventory:

Magical Staves
 e - a staff of poison
Jewellery
 m - a ring of protection from fire
 q - a ring of wizardry
Wands
 l - a wand of acid (8)
Scrolls
 b - a scroll of immolation
 c - a scroll of amnesia
 d - a scroll of poison
 h - 2 scrolls of enchant weapon
 j - a scroll of magic mapping
 k - a scroll of noise
 p - a scroll of silence {unknown}
 s - 2 scrolls of vulnerability {unknown}
 t - a scroll of fog {unknown}
 u - 2 scrolls of teleportation {unknown}
Potions
 a - 2 potions of lignification
 f - a potion of heal wounds
 g - a potion of attraction
 i - a potion of curing {unknown}
 o - 2 potions of ambrosia {unknown}
 r - 2 potions of mutation {unknown}
 v - a potion of flight
 w - a potion of berserk rage {unknown}
 x - a potion of cancellation {unknown}


   Skills:
 + Level 5.5 Fighting
 + Level 4.9 Dodging
 + Level 5.8 Unarmed Combat
 + Level 4.9 Spellcasting
 + Level 5.3 Transmutations


You had 8 spell levels left.
You knew the following spells:

 Your Spells              Type           Power      Damage    Failure   Level
a - Beastly Appendage     Tmut           38%        N/A       8%          1
b - Spider Form           Tmut/Pois      11%        N/A       34%         3
c - Ice Form              Ice/Tmut       11%        N/A       69%         4

Your spell library contained the following spells:

 Spells                   Type           Power      Damage    Failure   Level
 Wereblood                Tmut           19%        N/A       10%         2
 Apportation              Tloc           6%         N/A       36%         1
 Ignite Poison            Fire/Tmut/Pois 9%         N/A       45%         3
 Cigotuvi's Dreadful Rot  Necr/Pois/Air  6%         N/A       47%         2
 Poisonous Vapours        Pois/Air       6%         N/A       47%         2
 Scorch                   Fire           6%         2d5       47%         2
 Mephitic Cloud           Conj/Pois/Air  3%         N/A       67%         3
 Flame Wave               Conj/Fire      3%         2d5       95%         4
 Manifold Assault         Tloc           3%         N/A       95%         4
 Sticky Flame             Conj/Fire      3%         2d3       95%         4
 Freezing Cloud           Conj/Ice/Air   1%         6-21      100%        5
 Dispersal                Tloc           1%         N/A       100%        6
 Summon Cactus Giant      Summ           1%         N/A       100%        6
 Disjunction              Tloc           1%         N/A       100%        8
 Ignition                 Fire           1%         3d3       100%        8


Dungeon Overview and Level Annotations

Branches:
Dungeon (6/15)
 Temple: D:4-7

Altars:
Zin


Innate Abilities, Weirdness & Mutations

You are a venomous arachnid creature.
You have venomous fangs.
You are tiny and dextrous.
Your spellcasting is less reliable in this form.
Your armour is entirely melded.
You are incapable of wielding weapons or throwing items.
((You can breathe blasts of fire.))
((Your fiery red scales are hard. (AC +6)))
You cannot fit into any form of body armour.
((Your flesh is heat resistant. (rF+)))
((You are cold-blooded and may be slowed by cold attacks.))


Message History

Your life force feels restored.
You hit the wight but do no damage. The wight misses you.
You barely miss the wight.
Your transformation is almost over.
The wight hits you with a +0 long sword!
* * * LOW HITPOINT WARNING * * *
You feel drained.
* * * LOW HITPOINT WARNING * * *
You hit the wight.
The wight is moderately damaged.
The wight closely misses you.
You barely miss the wight.
The wight is lightly damaged.
You hit the wight but do no damage.
The wight is lightly damaged.
A wight comes into view. It is wielding a +1 scimitar.
The wight misses you. The wight attacks as you move away!
The wight closely misses you.
Your magical contamination has completely faded away.
Things that are here:
a +3 falchion; a +0 robe The wight attacks as you move away!
The wight hits you with a +0 long sword!
* * * LOW HITPOINT WARNING * * *
Your transformation has ended.
You see here a +0 spear.
You see here a +0 heavy spear.
The wight attacks as you move away! The wight closely misses you.
Things that are here:
a +0 club; a +0 spear
Casting: Spider Form (dangerous; 16% risk of failure)
Confirm with . or Enter, or press ? or * to list all spells.
You turn into a venomous arachnid creature.
The wight hits you with a +0 long sword!
* * * LOW HITPOINT WARNING * * *
The wight attacks as you move away! The wight closely misses you.
Okay, then.
The wight attacks as you move away!
The wight hits you with a +0 long sword!
You die...

.......).......
........
..≈≈≈≈........_
.≈≈≈≈...
...............
.....[.#
######..#######
#####.## #..).#
#....## #.##)#
.#.... #. #z#####
# #.... #.
#.).z.# #..<. #.
#####s### #....
.. #...## #....
.. ###..# ###....
.. ##.# ##......
###.######..#....
#.......##.######
#..........#
#........###
#....>..##


You could see 2 wights.

Vanquished Creatures
  Sigmund (D:2)
  A water moccasin (D:5)
  An orc warrior (D:6)
  An ice beast (D:5)
  A black bear (D:5)
  3 ogres (D:5)
  A scorpion (D:6)
  2 wights (D:6)
  A howler monkey (D:6)
  3 hounds
  3 jellies
  4 orc priests
  A gnoll bouda (D:5)
  A sleepcap (D:5)
  An iguana (D:5)
  5 orc wizards
  12 gnolls
  5 adders
  A white imp (D:5)
  2 ufetubi
  3 worms
  3 dart slugs
  11 orcs
  6 endoplasms
  3 giant cockroaches
  2 goblins (D:2)
  6 hobgoblins
  3 jackals (D:4)
  4 kobolds (D:4)
  A quokka (D:1)
  4 ball pythons
  6 bats
  3 frilled lizards (D:1)
  5 rats
110 creatures vanquished.

Notes
Turn   | Place    | Note
-------+----------+-------------------------------------------
     0 | D:1      | Arctor the Draconian Transmuter began the quest for the
                  | Orb.
     0 | D:1      | Reached XP level 1. HP: 16/16 MP: 3/3
   153 | D:1      | Reached XP level 2. HP: 23/23 MP: 5/5
   684 | D:1      | Found a faded altar of an unknown god.
   690 | D:1      | Got Plato's Tractate on Peregrination
   855 | D:2      | Noticed Sigmund
   874 | D:2      | Killed Sigmund
   875 | D:2      | Reached XP level 3. HP: 30/30 MP: 7/7
   875 | D:2      | Reached XP level 4. HP: 37/37 MP: 8/8
   875 | D:2      | Reached XP level 5. HP: 42/42 MP: 9/9
  1292 | D:2      | Learned a level 3 spell: Spider Form
  1561 | D:3      | Reached XP level 6. HP: 36/51 MP: 7/10
  2767 | D:4      | Learned a level 4 spell: Ice Form
  3595 | D:5      | Entered Level 5 of the Dungeon
  3601 | D:5      | Noticed an ice beast
  3615 | D:5      | Killed an ice beast
  3616 | D:5      | Your scales start taking on a fiery red colour.
  3616 | D:5      | Reached XP level 7. HP: 43/57 MP: 9/12
  3616 | D:5      | Gained mutation: Your flesh is heat resistant. (rF+) [Red
                  | Draconian growth]
  4400 | D:5      | Reached skill level 5 in Unarmed Combat
  4539 | D:5      | Reached XP level 8. HP: 50/67 MP: 11/14
  5066 | D:5      | Reached skill level 5 in Fighting
  5319 | D:6      | Reached skill level 5 in Transmutations
  5777 | D:6      | Found a glowing silver altar of Zin.
  5857 | D:6      | Mangled by a wight

Illustrated notes

Levels and vault maps discovered:
D:1:      psy_arrival_dodecagon, layout_basic,
          shapermc_ecumenical_altar_rom_forum, corexii_leaking_fountain,
          interstate_on_off
D:2:      layout_rooms, uniq_sigmund
D:3:      layout_rooms, serial_aquarium, aquarium_bridge_island_small
          [aquarium_subvault_small_open, aquarium_subvault_bridge,
          aquarium_subvault_bridge, aquarium_subvault_balcony,
          aquarium_subvault_wall], aquarium_bridge_square
          [aquarium_subvault_bridge, aquarium_subvault_bridge,
          aquarium_subvault_bridge, aquarium_subvault_wall],
          aquarium_window_corner, aquarium_window_fake, aquarium_view_2c,
          aquarium_view_2f
D:4:      layout_loops_ring, kennysheep_cross_room
D:5:      minmay_angry_zag, layout_loops_corners, columned_hall_lemuel,
          kennysheep_generic_room_7
D:6:      layout_rooms, mainiacjoe_overflow_boulevard,
          minmay_guarded_unrand_staff_of_olgreb

Skill      XL: |  1  2  3  4  5  6  7  8 |
---------------+-------------------------+-----
Dodging        | 2 3 4 |  4.9
Fighting       | 2 3 4 5 |  5.5
Transmutations | 3 4 5 |  5.3
Spellcasting   | 3 4 |  4.9
Unarmed Combat | 4 5 |  5.8

Action                     |  1- 3 |  4- 6 |  7- 9 || total
---------------------------+-------+-------+-------++-------
  Melee: Unarmed           |    59 |   154 |   169 ||   382
         Kick              |     8 |    14 |     1 ||    23
         Tailslap          |     4 |     9 |     1 ||    14
         Headbutt          |     4 |     8 |     2 ||    14
         Punch             |     2 |     1 |       ||     3
   Cast: Beastly Appendage |    16 |    26 |     1 ||    43
         Spider Form       |       |    13 |    27 ||    40
Ability: Breathe Fire      |       |       |     3 ||     3
    Use: Potion            |     1 |     2 |     2 ||     5
         Scroll            |       |     3 |     4 ||     7
 Armour: Skin              |    27 |    25 |    16 ||    68
  Dodge: Dodged            |    34 |   125 |   135 ||   294
